 Dungeon Crawl Stone Soup version 0.29-a0-214-g17f627cfee (webtiles) character file.

Game seed: 872267369947514701

7186 mcwallace the Fighter (level 11, -2/63 HPs)
             Began as a Vine Stalker Ice Elementalist on Feb 25, 2022.
             Was a Follower of Ru.
             Slain by a gargoyle
             ... wielding a +1 mace of holy wrath
              (16 damage)
             ... on level 9 of the Dungeon.
             The game lasted 00:31:20 (9782 turns).

mcwallace the Fighter (VSIE)                        Turns: 9782, Time: 00:31:21

Health: -2/63      AC:  8    Str: 11    XL:     11   Next: 11%
Magic:  0/24       EV: 20    Int: 19    God:    Ru [*.....]
Gold:   561        SH:  0    Dex: 21    Spells: 19/26 levels left

rFire   . . .      SeeInvis .   P - +2 halberd (flame) {polearm}
rCold   . . .      Faith    .   (shield currently unavailable)
rNeg    . . .      Spirit   +   a - +0 steam dragon scales
rPois   .          Reflect  .   (no helmet)
rElec   .          Harm     .   k - +0 cloak
rCorr   .          Rampage  .   l - +0 pair of gloves
Will    +....                   G - +0 pair of boots
Stlth   +++.......              b - amulet of regeneration {@e2}
HPRegen 1.80/turn               c - +4 ring of evasion
MPRegen 0.19/turn               Q - +6 ring of dexterity

@: studying 2 skills
A: fangs 3, regeneration 1, magic shield, antimagic bite, no potion heal 2,
hated by all
a: Renounce Religion


You were on level 9 of the Dungeon.
You worshipped Ru.
Ru was aware of your devotion.
You visited 2 branches of the dungeon, and saw 10 of its levels.

You collected 561 gold pieces.


Innate Abilities, Weirdness & Mutations

You have razor-sharp teeth.
Your natural rate of healing is unusually fast.
When hurt, damage is shared between your health and your magic reserves.
Your bite disrupts and absorbs the magic of your enemies.
Potions cannot restore your health.
You are hated by all.


   Skills:
 + Level 9.7 Fighting
 + Level 6.5 Dodging
 - Level 3.0 Stealth
 + Level 6.2 Shields
 + Level 8.0 Spellcasting
 + Level 8.7 Ice Magic


You had 19 spell levels left.
You knew the following spells:

 Your Spells              Type           Power      Damage    Failure   Level
a - Freeze                Ice            100%       1d11      1%          1
b - Frozen Ramparts       Ice            80%        1d10      1%          3
c - Ozocubu's Armour      Ice            40%        N/A       1%          3

Your spell library contained the following spells:

 Spells                   Type           Power      Damage    Failure   Level
 Magic Dart               Conj           28%        1d4       9%          1
 Pain                     Necr           28%        1d5       9%          1
 Hailstorm                Conj/Ice       24%        3d7       16%         4
 Mephitic Cloud           Conj/Pois/Air  7%         N/A       26%         3
 Vampiric Draining        Necr           7%         2d6       26%         3
 Passage of Golubria      Tloc           7%         N/A       65%         4
 Silence                  Hex/Air        3%         N/A       94%         5
 Lehudib's Crystal Spear  Conj/Erth      3%         10d3      100%        8
 Animate Skeleton         Necr           Unusable   N/A       N/A         1
 Summon Small Mammal      Summ           Unusable   N/A       N/A         1
 Call Imp                 Summ           Unusable   N/A       N/A         2
 Call Canine Familiar     Summ           Unusable   N/A       N/A         3
 Summon Guardian Golem    Hex/Summ       Unusable   N/A       N/A         3

Inventory:

Hand Weapons
 h - a +0 glaive {polearm}
   (You found it on level 1 of the Dungeon)
 p - a +2 mace of protection {mace}
   (You took it off a hobgoblin on level 2 of the Dungeon)
 D - a +5 flail {mace}
   (You took it off a wight on level 6 of the Dungeon)
 F - a +4 spear {polearm}
   (You took it off a gnoll on level 3 of the Dungeon)
 P - a +2 halberd of flaming (weapon) {polearm}
   (You took it off a gnoll on level 4 of the Dungeon)
Missiles
 e - 9 atropa-tipped darts {throwing}
 i - 262 stones {throwing}
 E - 7 throwing nets {=f!fthrowing}
 O - 4 javelins {throwing}
 T - 35 poisoned darts (quivered) {throwing}
Armour
 a - +0 steam dragon scales (worn)
   (You found it on level 8 of the Dungeon)
 k - a +0 cloak (worn)
   (You found it on level 1 of the Dungeon)
 l - a +0 pair of gloves (worn)
   (You found it on level 1 of the Dungeon)
 y - a +4 ring mail of fire resistance
   (You took it off Joseph on level 7 of the Dungeon)
 G - a +0 pair of boots (worn)
   (You found it on level 3 of the Dungeon)
 M - a +0 kite shield
   (You found it on level 3 of the Dungeon)
Jewellery
 b - an amulet of regeneration (around neck) {@e2}
   (You found it on level 5 of the Dungeon)
 c - a +4 ring of evasion (left hand)
   (You found it on level 5 of the Dungeon)
 u - a +6 ring of intelligence
   (You found it on level 8 of the Dungeon)
 A - an amulet of the acrobat
   (You found it on level 3 of the Dungeon)
 L - an amulet of reflection
   (You found it on level 3 of the Dungeon)
 Q - a +6 ring of dexterity (right hand)
   (You found it on level 8 of the Dungeon)
 V - a +6 ring of dexterity
   (You found it on level 8 of the Dungeon)
Wands
 o - a wand of charming (9)
   (You found it on level 6 of the Dungeon)
 W - a wand of polymorph (6)
   (You found it on level 9 of the Dungeon)
 X - a wand of iceblast (12)
   (You found it on level 8 of the Dungeon)
 Y - a wand of mindburst (19)
   (You took it off Pikel on level 5 of the Dungeon)
Scrolls
 f - a scroll of acquirement {unknown}
 m - a scroll of immolation {unknown}
 r - 3 scrolls of fear
 t - a scroll of enchant armour {unknown}
 v - 3 scrolls of amnesia {unknown}
 x - 6 scrolls of teleportation {@r4}
 B - 2 scrolls of magic mapping {!r}
 C - 5 scrolls of fog
 H - 2 scrolls of torment {unknown}
 K - a scroll of brand weapon {unknown}
 N - 2 scrolls of blinking {unknown}
 S - a scroll of vulnerability {unknown}
 U - a scroll of holy word {unknown}
Potions
 d - 5 potions of curing {unknown}
 g - a potion of might {unknown}
 j - 5 potions of haste {unknown}
 n - 2 potions of mutation {unknown}
 q - 3 potions of attraction {!q}
 s - 4 potions of flight
 w - 2 potions of lignification {unknown}
 z - a potion of cancellation {unknown}
 I - a potion of ambrosia {unknown}
 J - a potion of degeneration {unknown}
 R - a potion of berserk rage {unknown}
 Z - 3 potions of heal wounds {unknown}

Dungeon Overview and Level Annotations

Branches:
Dungeon (9/15)             Temple (1/1) D:7            Lair (0/6) D:9
    Orc (0/2) D:9

Altars:
Ashenzari
Cheibriados
Dithmenos
Elyvilon
Fedhas
Gozag
Hepliaklqana
Kikubaaqudgha
Makhleb
Nemelex Xobeh
Okawaru
Qazlal
Ru
Sif Muna
Trog
Uskayaw
Vehumet
Wu Jian
Xom
Yredelemnul
Zin
The Shining One

Annotations:
D:5 1 runed translucent door, Cecur's ghost, novice FoFi

.. ### .## ##+.+##
..#
###+.....+###.#
#9#.......#8#.#
#@...........##
#....8........#
#+............####
#.......#8#......
#'.....'###.#####
#8##'.)##[#..#
###8###[###.##
#######...#
........###


You could see a gargoyle.


Message History

Things that are here:
a +0 mace {mace}; a wand of polymorph (6) Could not pick up a wand of polymorph (6) here; ([A]lways) ignore it?
Okay, then.
You drop a +0 leather armour.
W - a wand of polymorph (6)
Things that are here:
a +0 leather armour; a +0 mace {mace}
There is an open door here.
You open the door.
A gargoyle comes into view. It is wielding a +0 mace.
You hit the gargoyle but do no damage. The gargoyle barely misses you.
The gargoyle hurls a stone arrow at you.
The stone arrow misses you.
You hit the gargoyle but do no damage.
You bite the gargoyle, but do no damage.
The gargoyle hits you with a +0 mace! 😕 HP[-9] MP[-4]
You take 9 damage, and now have 54/63 hp.
You lost 4 mp, and now have 19/23 mp.
You slash the gargoyle! You burn the gargoyle.
The gargoyle begins to attack, but is stunned by your conviction!
The gargoyle hurls a stone arrow at you.
The stone arrow misses you.
You hit the gargoyle but do no damage.
You bite the gargoyle, but do no damage.
The gargoyle misses you.
You puncture the gargoyle! You burn the gargoyle.
You destroy the gargoyle!
Your Spellcasting skill increases to level 8! 😕 HP[+8]
You regained 8 hp, and now have 62/63 hp.
There is an open door here.
You see here a +0 mace {mace}. 😎 HP[+1] MP[+1]
Your hp is fully restored (63).
Key pressed, stopping explore.
No target in view!
You open the door. You open the door.
There is an open door here.
You open the door.
A gargoyle comes into view.
It is wielding a +1 mace of holy wrath. 😎 MP[+4]
Your mp is fully restored (24).
The gargoyle misses you.
There is an open door here.
You hit the gargoyle. You burn the gargoyle. The gargoyle misses you.
You barely miss the gargoyle.
You bite the gargoyle, but do no damage.
The gargoyle barely misses you. The gargoyle closely misses you.
You hit the gargoyle but do no damage.
The gargoyle hits you with a +1 mace of holy wrath. 😕 HP[-1] MP[-1]
You take 1 damage, and now have 62/63 hp.
You lost 1 mp, and now have 23/24 mp.
You hit the gargoyle but do no damage. The gargoyle closely misses you.
The gargoyle completely misses you. 😎 HP[+1]
Your hp is fully restored (63).
You completely miss the gargoyle. You bite the gargoyle. You drain its power.
You feel invigorated.
The gargoyle hits you with a +1 mace of holy wrath. 😕 HP[-2]
You take 2 damage, and now have 61/63 hp.
You hit the gargoyle but do no damage. You bite the gargoyle.
You drain its power.
You feel invigorated.
The gargoyle hits you with a +1 mace of holy wrath!
The gargoyle hurls a stone arrow at you.
The stone arrow hits you!! 😮 HP[-26] MP[-10]
You take 26 damage, and now have 35/63 hp.
MASSIVE DAMAGE!! (PAUSE)
You lost 10 mp, and now have 13/24 mp.
You hit the gargoyle but do no damage.
You bite the gargoyle, but do no damage.
The gargoyle hits you with a +1 mace of holy wrath!
* * * LOW HITPOINT WARNING * * *
😨 HP[-8] MP[-4]
You take 8 damage, and now have 27/63 hp.
You lost 4 mp, and now have 9/24 mp.
You hit the gargoyle but do no damage.
You bite the gargoyle, but do no damage.
The gargoyle hurls a stone arrow at you.
The stone arrow hits you!
* * * LOW HITPOINT WARNING * * *
The gargoyle closely misses you. 😨 HP[-8] MP[-3]
You take 8 damage, and now have 19/63 hp.
You lost 3 mp, and now have 6/24 mp.
You hit the gargoyle. You burn the gargoyle.
The gargoyle hurls a stone arrow at you.
The stone arrow hits you!
* * * LOW HITPOINT WARNING * * *
😱 HP[-7] MP[-3]
You take 7 damage, and now have 12/63 hp.
You lost 3 mp, and now have 3/24 mp.
Unknown command.
The gargoyle hits you with a +1 mace of holy wrath!!
You die...

Skill      XL: |  1  2  3  4  5  6  7  8  9 10 11 |
---------------+----------------------------------+-----
Dodging        | 2 3 4 5 6 |  6.5
Fighting       | 1 2 3 4 6 8 9 |  9.7
Spellcasting   | 3 4 5 6 7 8 |  8.0
Ice Magic      | 5 6 7 8 |  8.7
Stealth        | 3 |  3.0
Shields        | 2 3 4 6 |  6.2

Action                   |  1- 3 |  4- 6 |  7- 9 | 10-12 || total
-------------------------+-------+-------+-------+-------++-------
Melee: Bite              |     6 |     8 |    50 |    44 ||   108
       Club              |     2 |       |       |       ||     2
       Unarmed           |     1 |       |       |       ||     1
       Glaive            |    14 |       |       |       ||    14
       Quarterstaff      |     4 |       |       |       ||     4
       Mace              |    11 |    41 |    26 |       ||    78
       Punch             |       |     1 |       |       ||     1
       Halberd           |       |       |   157 |   139 ||   296
Throw: Dart              |       |       |     5 |       ||     5
 Cast: Freeze            |    34 |       |       |       ||    34
       Frozen Ramparts   |     3 |    15 |    30 |    11 ||    59
       Ozocubu's Armour  |       |     1 |    12 |     5 ||    18
Invok: Sacrifice Love    |       |       |       |     1 ||     1
Evoke: Wand              |       |       |     4 |       ||     4
  Use: Scroll            |       |       |     5 |     2 ||     7
 Stab: Sleeping          |     1 |     2 |     2 |     2 ||     7
       Distracted        |       |       |       |     1 ||     1
Armor: Robe              |    13 |     5 |    46 |     9 ||    73
       Steam dragon scal |       |       |       |    31 ||    31
Dodge: Dodged            |    29 |    24 |   188 |   147 ||   388
Block: Other             |       |     3 |    21 |       ||    24

Levels and vault maps discovered:
D:1:      kilobyte_arrival_exit_the_forest, layout_loops_corners, serial_forest,
          infiniplex_forest_end_1, infiniplex_forest_straight_1,
          infiniplex_forest_clump_small, infiniplex_forest_corner_1,
          infiniplex_forest_clump_double, infiniplex_forest_clump_medium,
          infiniplex_forest_lined_ring, palyth_stone_intersect
D:2:      layout_rooms, uniq_natasha
D:3:      kennysheep_the_goblin_king, layout_basic,
          chequers_serial_rivers_micro_d, minmay_starry_boxes
D:4:      layout_basic, minmay_manual_maat
D:5:      layout_gridville, gammafunk_ghost_grave, uniq_pikel
D:6:      layout_rooms
D:7:      layout_cave_pools, minmay_temple_entry_large_hall, uniq_joseph
D:8:      layout_basic, nicolae_qazlal_general_emergency,
          minmay_fractal_squares_5, uniq_grum
D:9:      cheibrodos_statue_roulette, layout_loops_ring,
          grunt_lair_entry_orc_guard_hut, orc_0_dummy, uniq_harold
Temple:   mainiacjoe_temple_circle_huts

Notes
Turn   | Place    | Note
-------+----------+-------------------------------------------
     0 | D:1      | mcwallace the Vine Stalker Ice Elementalist began the quest
                  | for the Orb.
     0 | D:1      | Reached XP level 1. HP: 9/9 MP: 4/4
     0 | D:1      | magus.rc [v1.9.6]
   221 | D:1      | Reached XP level 2. HP: 14/14 MP: 3/6
   979 | D:1      | Reached skill level 2 in Dodging
   979 | D:1      | Reached XP level 3. HP: 13/17 MP: 2/7
  1126 | D:1      | Reached skill level 1 in Fighting
  1167 | D:1      | Learned a level 3 spell: Frozen Ramparts
  1668 | D:2      | You pick up a book of Necromancy and begin reading...
  1668 | D:2      | You add the spells Pain, Animate Skeleton and Vampiric
                  | Draining to your library.
  1676 | D:2      | Noticed Natasha
  2323 | D:2      | Killed Natasha
  2324 | D:2      | Gained mutation: Your natural rate of healing is unusually
                  | fast. [Vine Stalker growth]
  2324 | D:2      | Reached XP level 4. HP: 23/23 MP: 5/9
  2650 | D:2      | Noticed Natasha
  2659 | D:2      | Killed Natasha
  2660 | D:2      | Reached skill level 2 in Fighting
  2660 | D:2      | Reached skill level 3 in Spellcasting
  2740 | D:2      | Noticed Natasha
  2748 | D:2      | Killed Natasha
  2749 | D:2      | Reached XP level 5. HP: 27/27 MP: 6/10
  2785 | D:3      | Noticed a black bear
  2790 | D:3      | Killed a black bear
  2791 | D:3      | Reached skill level 3 in Fighting
  2886 | D:3      | Reached XP level 6. HP: 32/32 MP: 7/12
  3128 | D:3      | You pick up a book of Minor Magic and begin reading...
  3128 | D:3      | You add the spells Magic Dart, Call Imp and Mephitic Cloud
                  | to your library.
  3142 | D:3      | Reached skill level 5 in Ice Magic
  3239 | D:3      | Reached skill level 3 in Dodging
  3239 | D:3      | Reached skill level 3 in Stealth
  4092 | D:3      | Learned a level 3 spell: Ozocubu's Armour
  4284 | D:4      | Reached skill level 4 in Spellcasting
  4284 | D:4      | Reached XP level 7. HP: 20/37 MP: 4/14
  4396 | D:4      | Reached skill level 4 in Fighting
  4405 | D:4      | Reached skill level 1 in Shields
  5292 | D:5      | Entered Level 5 of the Dungeon
  5434 | D:5      | Reached skill level 2 in Shields
  5434 | D:5      | Gained mutation: You have razor-sharp teeth. [Vine Stalker
                  | growth]
  5434 | D:5      | Reached XP level 8. HP: 36/42 MP: 10/15
  5504 | D:5      | Reached skill level 5 in Fighting
  5683 | D:5      | Noticed Pikel
  5688 | D:5      | Killed Pikel
  5689 | D:5      | Reached skill level 6 in Fighting
  5689 | D:5      | Reached skill level 4 in Dodging
  5689 | D:5      | Reached skill level 3 in Shields
  5689 | D:5      | Reached skill level 5 in Spellcasting
  5689 | D:5      | Reached skill level 6 in Ice Magic
  6056 | D:5      | Found a runed translucent door.
  6056 | D:5      | Noticed Cecur's ghost (novice FoFi)
  6407 | D:6      | Reached XP level 9. HP: 49/49 MP: 18/18
  6423 | D:6      | You pick up a book of the Moon and begin reading...
  6423 | D:6      | You add the spells Passage of Golubria, Silence and
                  | Lehudib's Crystal Spear to your library.
  6434 | D:6      | You pick up a book of Callings and begin reading...
  6434 | D:6      | You add the spells Summon Small Mammal, Call Canine
                  | Familiar and Summon Guardian Golem to your library.
  6792 | D:6      | Reached skill level 7 in Fighting
  6792 | D:6      | Reached skill level 6 in Spellcasting
  6959 | D:7      | Reached skill level 4 in Shields
  6988 | D:7      | Reached skill level 7 in Ice Magic
  7029 | D:7      | Reached skill level 5 in Dodging
  7053 | D:7      | Noticed Joseph
  7196 | D:7      | HP: 9/48 [Joseph/+0 quarterstaff (11)]
  7198 | D:7      | Killed Joseph
  7498 | D:7      | Found a staircase to the Ecumenical Temple.
  7514 | Temple   | Entered the Ecumenical Temple
  7822 | Temple   | Became a worshipper of Ru the Awakened
  7948 | D:7      | Reached skill level 8 in Fighting
  7948 | D:7      | Reached XP level 10. HP: 46/50 MP: 10/21
  8324 | D:8      | Noticed Grum
  8328 | D:8      | Killed Grum
  8359 | D:8      | Found a stormy altar of Qazlal.
  8409 | D:8      | Reached skill level 5 in Shields
  8475 | D:8      | Reached skill level 7 in Spellcasting
  9162 | D:9      | Reached skill level 8 in Ice Magic
  9225 | D:9      | Noticed Harold
  9233 | D:9      | Reached skill level 6 in Dodging
  9241 | D:9      | Killed Harold
  9242 | D:9      | Reached skill level 9 in Fighting
  9263 | D:9      | Gained mutation: You are hated by all. [Ru sacrifice]
  9263 | D:9      | Reached * piety under Ru
  9422 | D:9      | Reached skill level 6 in Shields
  9422 | D:9      | Reached XP level 11. HP: 62/62 MP: 15/23
  9613 | D:9      | Found a staircase to the Lair.
  9619 | D:9      | Found a staircase to the Orcish Mines.
  9740 | D:9      | Reached skill level 8 in Spellcasting
  9781 | D:9      | HP: 12/63 [gargoyle/stone arrow (10)]
  9782 | D:9      | Slain by a gargoyle

Vanquished Creatures
  Harold (D:9)
  Pikel (D:5)
  Joseph (D:7)
  2 gargoyles (D:9)
  A komodo dragon (D:9)
  A wyvern (D:8)
  2 steam dragons
  Grum (D:8)
  An acid dragon (D:9)
  3 water moccasins
  3 orc warriors
  An ice beast (D:6)
  A sky beast (D:7)
  A hornet zombie (D:7)
  3 black bears
  2 wolves (D:8)
  4 ogres
  3 centaurs
  A phantom (D:5)
  3 kobold brigands
  7 bullfrogs
  A gnoll sergeant (D:9)
  3 scorpions
  A howler monkey (D:5)
  6 wights
  4 centaur zombies
  3 hounds
  A bullfrog skeleton (D:6)
  2 jellies
  3 orc priests
  3 iguanas
  A gnoll shaman (D:9)
  2 centaur skeletons
  Natasha (thrice) (D:2)
  5 orc wizards
  3 killer bee zombies
  A hound skeleton (D:2)
  16 gnolls
  A howler monkey zombie (D:9)
  5 adders
  2 shadow imps (D:4)
  An ufetubus (D:5)
  An adder skeleton (D:5)
  A worm (D:2)
  A dart slug (D:3)
  27 orcs
  5 ball pythons
  7 bats
  4 endoplasms
  4 giant cockroaches
  14 goblins
  6 hobgoblins
  A quokka (D:1)
  5 frilled lizards
  18 kobolds
  9 rats
213 creatures vanquished.

Vanquished Creatures (others)
  A gnoll (D:9)
  19 fungi (D:9)
  14 plants
  2 withered plants (D:5)
36 creatures vanquished.

Grand Total: 249 creatures vanquished

Table legend:
 A = Non-vault XP
 B = Vault XP
 C = Vault XP percentage of total XP
 D = Non-vault monster count
 E = Vault monster count
 F = Vault count percentage of total count
                 A         B        C        D         E       F
            +---------+---------+-------+---------+---------+-------
      Total |    5766 |    4501 |  43.8 |     180 |      34 |  15.9
            +---------+---------+-------+---------+---------+-------
        D:1 |      45 |       0 |   0.0 |      28 |       0 |   0.0
        D:2 |     102 |      35 |  25.5 |      11 |       1 |   8.3
        D:3 |     328 |      16 |   4.7 |      26 |      10 |  27.8
        D:4 |     175 |     277 |  61.3 |      13 |       6 |  31.6
        D:5 |     680 |     617 |  47.6 |      21 |       1 |   4.5
        D:6 |    1148 |       0 |   0.0 |      14 |       0 |   0.0
        D:7 |     883 |     498 |  36.1 |      15 |       1 |   6.2
        D:8 |     688 |     840 |  55.0 |      17 |       7 |  29.2
        D:9 |    1717 |    2218 |  56.4 |      35 |       8 |  18.6
            +---------+---------+-------+---------+---------+-------

Illustrated notes

Table legend:
 A = Kills in this place as a percentage of kills in entire the game.
 B = Kills by you in this place as a percentage of kills by you in the entire game.
 C = Kills by friends in this place as a percentage of kills by friends in the entire game.
 D = Other kills in this place as a percentage of other kills in the entire game.
 E = Experience gained in this place as a percentage of experience gained in the entire game.
 F = Experience gained in this place divided by the number of levels of this place that you have seen.
                   A       B       C       D       E      F
               +-------+-------+-------+-------+-------+----------------------
         Total | 100.0 | 100.0 |   N/A | 100.0 | 100.0 | 1026.7
       Dungeon | 100.0 | 100.0 |   N/A | 100.0 | 100.0 | 1140.8
               +-------+-------+-------+-------+-------+----------------------

Table legend: (Time is in decaauts)
 A = Elapsed time spent in this place.
 B = Non-inter-level travel time spent in this place.
 C = Inter-level travel time spent in this place.
 D = Time resting spent in this place.
 E = Time spent auto-exploring this place.
 F = Levels seen in this place.
 G = Mean time per level.
                   A        B        C        D        E       F      G
               +--------+--------+--------+--------+--------+-----+--------+
         Total |   9978 |   9146 |    832 |    554 |   6383 |  10 |  997.8 |
       Dungeon |   9625 |   8836 |    789 |    554 |   6102 |   9 | 1069.4 |
        Temple |    352 |    309 |     43 |      0 |    281 |   1 |  352.0 |
               +--------+--------+--------+--------+--------+-----+--------+

Top non-repeatable levels by time:
     D:1: 1608 daAuts
     D:3: 1351 daAuts
     D:4: 1207 daAuts
     D:2: 1172 daAuts
     D:5: 1139 daAuts
     D:8: 839 daAuts
     D:7: 823 daAuts
     D:6: 795 daAuts
     D:9: 687 daAuts
  Temple: 352 daAuts
